Cogmind - Beta 12 *** ADVENTURER MODE // 2024.02.05 @ 00:54:04 Player: Vanlighten Result: Self-destructed Performance ------------- Evolutions (1) 500 Regions Visited (3) 600 Robots Destroyed (8) 40 Value Destroyed (73) 73 Prototype IDs (0) 0 Alien Tech Used (0) 0 Bonus (0) 0 TOTAL SCORE: 1213 Bonus ------- None Cogmind --------- Core Integrity 334/400 Matter 300/300 Energy 100/100 System Corruption 0% Temperature Cool (68) Movement Walking (120) Location -9/Materials Parts ------- > --- POWER (1) -------- (None) > --- PROPULSION (3) --- Aluminum Leg Aluminum Leg > --- UTILITY (3) ------ Small Storage Unit > --- WEAPON (2) ------- Small Laser > --- INVENTORY (8) ---- Light Ion Engine Wheel Wheel Large Storage Unit Core Shielding Beam Cannon Light Assault Rifle Makeshift Shrapnel Gun Peak State ------------ > --- POWER ------------ Ion Engine > --- PROPULSION ------- Aluminum Leg Aluminum Leg > --- UTILITY ---------- Small Storage Unit Tractor Beam > --- WEAPON ----------- Small Laser Small Laser > --- INVENTORY -------- Light Ion Engine Wheel Wheel Large Storage Unit Core Shielding Beam Cannon Light Assault Rifle Makeshift Shrapnel Gun [Rating: 8] Favorites ----------- Power Ion Engine Engine Ion Engine Propulsion Aluminum Leg Leg Aluminum Leg Utility Small Storage Unit Device Tractor Beam Storage Small Storage Unit Weapon Small Laser Energy Gun Small Laser Build | -11 -10 -10 -9 ------- Run | Jun Mat Min Mat Slots Evolved 2 | . . . 2 Power . | . . . . Propulsion 1 | . . . 1 Utility 1 | . . . 1 Weapon . | . . . . Parts Attached 9 | 6 3 . . Power 1 | 1 . . . Engine 1 | 1 . . . Core . | . . . . Reactor . | . . . . Propulsion 2 | 2 . . . Treads . | . . . . Leg 2 | 2 . . . Wheel . | . . . . Hover . | . . . . Flight . | . . . . Utility 4 | 1 3 . . Device 1 | . 1 . . Storage 3 | 1 2 . . Processor . | . . . . Hackware . | . . . . Protection . | . . . . Artifact . | . . . . Weapon 2 | 2 . . . Energy Gun 2 | 2 . . . Energy Cannon . | . . . . Ballistic Gun . | . . . . Ballistic Cannon . | . . . . Launcher . | . . . . Special Weapon . | . . . . Impact Weapon . | . . . . Slashing Weapon . | . . . . Piercing Weapon . | . . . . Special Melee Weapon . | . . . . Unidentified Prototypes . | . . . . Parts Lost 3 | . . . 3 Power 1 | . . . 1 Propulsion . | . . . . Utility 1 | . . . 1 Weapon 1 | . . . 1 Highest Loss Streak 3 | . . . 3 To Critical Strikes 1 | . . . 1 Average Slot Usage (%) 90 | . 92 100 75 Engine 13 | . 14 14 11 Leg 26 | . 28 28 22 Device 10 | . 6 14 10 Storage 13 | . 14 14 11 Energy Gun 26 | . 28 28 21 Naked Turns . | . . . . Heaviest Build 13 | 12 13 13 13 Greatest Support 20 | 20 20 20 20 Greatest Overweight (x) . | . . . . Average Overweight (x) . | . . . . Largest Inventory Capacity 15 | 8 15 8 8 Average Capacity 7 | 7 8 8 8 Most Carried 8 | 7 8 8 8 Average Carried 7 | 4 7 8 8 Final Capacity 8 | 8 8 8 8 Final Carried 8 | 7 8 8 8 Class Distribution -------------------- 100% | Mutant Dominant Class ---------------- Mutant | -10/Materials Mutant | -10/Mines Mutant | -9/Materials Resources | -11 -10 -10 -9 ----------- Run | Jun Mat Min Mat Matter Collected 290 | 230 30 . 30 Remotely 30 | . . . 30 Salvage Created 206 | 104 53 . 49 Parts 14 | 4 6 . 4 Haulers Intercepted . | . . . . Recyclers Shooed . | . . . . Parts Field Recycled . | . . . . Retrieved Matter . | . . . . Parts Self-Destructed . | . . . . Prevented . | . . . . Kills | -11 -10 -10 -9 ------- Run | Jun Mat Min Mat Combat Hostiles Destroyed 6 | . 3 . 3 Guns 6 | . 3 . 3 Classes Destroyed 3 | 2 1 . . Tunneler 1 | 1 . . . Recycler 1 | 1 . . . Swarmer 6 | . 3 . 3 Best Kill Streak 3 | 1 3 . 3 Combat Bots Only 3 | . 3 . 3 Max Kills in Single Turn 2 | 1 2 . 1 Gunslinging 1 | . 1 . . Exploded . | . . . . Melee . | . . . . Uniques/NPCs Destroyed . | . . . . Combat | -11 -10 -10 -9 -------- Run | Jun Mat Min Mat Damage Taken 456 | . 101 . 355 Core 85 | . 19 . 66 Absorbed by Shields . | . . . . Core Remaining (%) 96 | 100 . 92 . Volleys Fired 23 | 7 4 . 12 Largest 2 | 2 2 . 2 Hottest 80 | 80 80 . 80 Shots Fired 44 | 14 8 . 22 Gun 44 | 14 8 . 22 Cannon . | . . . . Launcher . | . . . . Special . | . . . . Kinetic . | . . . . Thermal 44 | 14 8 . 22 Explosive . | . . . . Electromagnetic . | . . . . Robot Hit Streak 12 | 6 10 . 12 Robot Miss Streak 5 | 2 . . 5 Penetration Max . | . . . . Secondary Targets 3 | . 1 . 2 Max Gunslinging Chain 1 | . 1 . 1 Shots Hit Robots 31 | 10 8 . 13 Core Hits 9 | 3 3 . 3 Critical Kills . | . . . . Critical Parts Destroyed . | . . . . Critical Strikes . | . . . . Melee Attacks . | . . . . Impact . | . . . . Slashing . | . . . . Piercing . | . . . . Sneak Attacks . | . . . . Combat Hostiles . | . . . . Follow-up Attacks . | . . . . Damage Inflicted 337 | 110 88 . 139 Guns 337 | 110 88 . 139 Cannons . | . . . . Explosions . | . . . . Melee . | . . . . Ramming . | . . . . Kinetic . | . . . . Thermal 337 | 110 88 . 139 Explosive . | . . . . Electromagnetic . | . . . . Impact . | . . . . Slashing . | . . . . Piercing . | . . . . Highest Corruption . | . . . . Average Corruption . | . . . . Corruption Purged . | . . . . Corruption Blocked . | . . . . Overload Shots . | . . . . Overflow Damage . | . . . . Projectiles . | . . . . Explosions . | . . . . Melee . | . . . . Knockbacks . | . . . . Impact . | . . . . Kinetic . | . . . . Secondary . | . . . . Self-Inflicted Damage . | . . . . Shots . | . . . . Rammed . | . . . . Targets Rammed . | . . . . Kicked . | . . . . Crushed . | . . . . Highest Temperature 90 | 90 72 . 87 Average Temperature 33 | 38 38 . 26 Received Heat Transfer 99 | . 18 . 81 Siege Activations . | . . . . Robots Corrupted . | . . . . Combat Hostiles . | . . . . Parts Fried . | . . . . Impact Corruptions . | . . . . Robots Melted . | . . . . Combat Hostiles . | . . . . Parts Melted 2 | . 1 . 1 Heat Transferred 775 | 250 200 . 325 Parts Sabotaged . | . . . . Parts Stolen . | . . . . Parts Stripped . | . . . . Power Chain Reactions . | . . . . Missiles Intercepted . | . . . . Alert | -11 -10 -10 -9 ------- Run | Jun Mat Min Mat Peak Influence 138 | 10 82 26 138 Initial 26 | . 5 26 8 Average 34 | 3 46 26 50 Maximum Alert Level . | . . . . Low Security (%) 100 | 100 100 100 100 Level 1 . | . . . . Level 2 . | . . . . Level 3 . | . . . . Level 4 . | . . . . Level 5 . | . . . . High Security . | . . . . Max Security . | . . . . Squads Dispatched . | . . . . Investigation . | . . . . Extermination . | . . . . Reinforcement . | . . . . Assault . | . . . . Garrison . | . . . . Intercept . | . . . . Searches Triggered . | . . . . Construction Impeded . | . . . . Haulers Reinforced . | . . . . Active Scanning Responses . | . . . . Cargo Convoy Interrupts . | . . . . Stealth | -11 -10 -10 -9 --------- Run | Jun Mat Min Mat Distress Signals 1 | . 1 . . Communications Jammed . | . . . . Distress Signals . | . . . . Times Spotted 16 | . 6 . 10 Peak Tracking Total 9 | . 4 . 9 Tactical Retreats . | . . . . Traps | -11 -10 -10 -9 ------- Run | Jun Mat Min Mat Traps Triggered . | . . . . Indirectly . | . . . . Trap Hack Attempts . | . . . . Triggered . | . . . . Disarmed . | . . . . Reprogrammed . | . . . . Reused . | . . . . Traps Extracted . | . . . . Installed . | . . . . Triggered . | . . . . Machines | -11 -10 -10 -9 ---------- Run | Jun Mat Min Mat Machines Disabled . | . . . . Max in Single Turn . | . . . . Machines Repaired . | . . . . Machines Sabotaged . | . . . . Overloaded Fab Kills . | . . . . Hacking | -11 -10 -10 -9 --------- Run | Jun Mat Min Mat Machines Accessed 1 | . 1 . . Terminals 1 | . 1 . . Fabricators . | . . . . Repair Stations . | . . . . Recycling Units . | . . . . Scanalyzers . | . . . . Garrison Access . | . . . . Total Hacks 3 | . 3 . . Successful 1 | . 1 . . Failed 2 | . 2 . . Catastrophic 1 | . 1 . . Database Lockouts . | . . . . Manual 3 | . 3 . . Terminals 3 | . 3 . . Fabricators . | . . . . Repair Stations . | . . . . Recycling Units . | . . . . Scanalyzers . | . . . . Garrison Access . | . . . . Terminal Hacks 1 | . 1 . . Branch Access Points 1 | . 1 . . Fabricator Hacks . | . . . . Repair Station Hacks . | . . . . Recycling Unit Hacks . | . . . . Scanalyzer . | . . . . Garrison Access Hacks . | . . . . Unauthorized Hacks . | . . . . Terminals . | . . . . Fabricators . | . . . . Repair Stations . | . . . . Recycling Units . | . . . . Scanalyzers . | . . . . Garrison Access . | . . . . Data Cores Recovered . | . . . . Used . | . . . . Hacking Detections 1 | . 1 . . Full Trace Events . | . . . . Feedback Events . | . . . . Feedback Blocked . | . . . . Robot Schematics Acquired . | . . . . Robots Built . | . . . . Authchips . | . . . . Time . | . . . . Total Robot Build Rating . | . . . . Part Schematics Acquired . | . . . . Parts Built . | . . . . Authchips . | . . . . Time . | . . . . Total Part Build Rating . | . . . . Parts Repaired . | . . . . Time . | . . . . Parts Recycled . | . . . . Recycled Matter . | . . . . Retrieved Matter . | . . . . Retrieved Components . | . . . . Parts Scanalyzed . | . . . . Part Schematics Acquired . | . . . . Parts Damaged . | . . . . Bothacking | -11 -10 -10 -9 ------------ Run | Jun Mat Min Mat Used RIF Installer . | . . . . Robots Hacked . | . . . . Non-combat . | . . . . Combat . | . . . . Robot Hacks Applied . | . . . . Relay Couplers Released . | . . . . Fabnet Peak Effective % . | . . . . Robots Rewired . | . . . . Allies Hacked . | . . . . Hacks Repelled . | . . . . Allies | -11 -10 -10 -9 -------- Run | Jun Mat Min Mat Total Allies . | . . . . Largest Group . | . . . . Highest-Rated Group . | . . . . Highest-Rated Ally . | . . . . Total Orders . | . . . . Ally Attacks . | . . . . Total Damage . | . . . . Kills . | . . . . Allies Corrupted . | . . . . Allies Melted . | . . . . Intel | -11 -10 -10 -9 ------- Run | Jun Mat Min Mat Robot Analysis Total . | . . . . Derelict Logs Recovered 1 | . . 1 . Drone Launches . | . . . . Drone Recoveries . | . . . . Exploration | -11 -10 -10 -9 ------------- Run | Jun Mat Min Mat Turns Passed 552 | 90 198 156 108 Spaces Moved 388 | 48 150 129 61 Core 5 | 5 . . . Treads . | . . . . Legs 383 | 43 150 129 61 Wheels . | . . . . Hover . | . . . . Flight . | . . . . Fastest Speed 50 | 50 120 120 120 Average Speed 119 | 112 120 120 120 Slowest Speed 120 | 120 120 120 120 Overloaded Moves . | . . . . Propulsion Burnouts . | . . . . Robots Hopped . | . . . . Cave-ins Triggered . | . . . . Exploration Rate (%) 20 | 5 36 29 11 Regions Visited 3 Branch Regions 1 Pre-discovered Areas . | . . . . Known Exits Taken 1 | . 1 . . Unknown Exits Taken 2 | 1 . 1 . Scrap Searched . | . . . . Spaces Dug . | . . . . Terrain Destroyed . | . . . . Melee . | . . . . Projectile . | . . . . AOE . | . . . . Terrain Rammed . | . . . . Walls Destroyed . | . . . . Machines Disabled . | . . . . Actions | -11 -10 -10 -9 --------- Run | Jun Mat Min Mat Total 430 | 67 160 130 73 Wait . | . . . . Move 385 | 47 149 128 61 Hop . | . . . . Pick Up 10 | 7 2 1 . Fast Attach 7 | 6 1 . . Attach 1 | . 1 . . Detach 1 | . 1 . . Swap 1 | . 1 . . Drop 2 | . 1 1 . Fire 23 | 7 4 . 12 Melee . | . . . . Ram . | . . . . Kick . | . . . . Crush . | . . . . Escape Stasis . | . . . . Rewire . | . . . . Trap . | . . . . Miscellaneous . | . . . . Route ------- -11/Junkyard -10/Materials -10/Mines -9/Materials (discovered 1 exit: Min) History --------- Turn | Location | Event 3 | -11/Junkyard | Discovered new exit (range 14) 91 | -11/Junkyard | Entered Materials 216 | -10/Materials | Identified exit to Mines 289 | -10/Materials | Entered Mines 305 | -10/Mines | A weapon hastily lodged in a ceiling crevice suddenly fell to the ground 307 | -10/Mines | Build established: Mutant 320 | -10/Mines | Learned 2 Materials zone layouts 372 | -10/Mines | Met a Derelict bent on vengeance 374 | -10/Mines | Discovered new exit (range 16) 445 | -10/Mines | Entered Materials 445 | -9/Materials | Evolved 2 slots: Propulsion x1, Utility x1 446 | -9/Materials | Identified exit to Mines 553 | -9/Materials | Self-destructed Last Messages --------------- K-01 Serf cleans the Material Compactor. S-10 Pest destroyed. Switching to secondary target: S-10 Pest. K-01 Serf collects debris. S-10 Pest destroyed. Switching to secondary target: Y-45 Defender. K-01 Serf collects debris. Acquired 17 matter. K-01 Serf collects debris. Lgt. Ion Engine melted. S-10 Pest destroyed. Acquired 13 matter. Critical hit (Destroy). Sml. Laser destroyed. K-01 Serf collects debris. Tractor Beam destroyed. Critical hit (Burn: +37). R-06 Scavenger collects Flight Unit. Ion Engine destroyed. K-01 Serf collects debris. Map ----- +----------------------------------------------------+ | ??????????????????????????????????????????? + | | ??????????????????????????????????????????? # | | ???????????????????????????????????????????#### | | ?????????????????????????????????##???????? # | | ???????????#####???????????????## ####????? # | | ????###????# #????????????? #????? # | | ????# ??# #???????????# #????? # | | ????# """ # #???????????# #????? # | | ????# """ + #??#??####### """ #?????" # | | ????# """ # #??# ? # """ !!!#?????" # | | ????# ??# #??# # """ !!!#?????" / | | ????# ????# #??# """ # !!!?????? # | | ????#??????# #??# """"" #?? ????????#### | | ???????????# #??# """"" #??##+############# | | ????######## #??# """"" #??# | | ?# + #??# """ #### | | ?# """"""" # #??# + | | ?????""""??# #??# [ ########## ########???? | | ??????"????# #######+############???#??????????? | | ???????????### # #??????????????? | | ?????????????# + s """ #??????????????? | | ?????????????# # k """""???????????????? | | ?????????????# #YYs """""???????????????? | | ?????????????# """ # """""#??????????????? | | ?????????????#[[ """ # """ #??????????????? | | ?????????????#[[ """ #@ #??????????????? | | ?????????????# %sr #??????????????? | | ?????????????# =% ###########??????????????? | | ?????????????# [""" ???????????????????????? | | ??????????? """ ??????????????????????? | | ???????????? """ ??????????????????????? | | ??????????? ####?????????????????????? | | ????????????## k #????????????????????????? | | ?????????????## #######????????????????????????? | | ??????????????# #??????????????????????????????? | | ??????????????# #??????????????????????????????? | | ??????????????? #??????????????????????????????? | | ??????????????? #??????????????????????????????? | | ??????????????? ???????????????????????????????? | | ?????????????????????????????????????????????????? | | ?????????????????????????????????????????????????? | | ?????????????????????????????????????????????????? | | ??????????????????????????????????????????? ### | | ??????????????????????????????????????????? | | ??????????????????????????????????????????? | | ??????????????????????????????????????????? | | ???????????????????????????????????????????#+##### | | ??????????????????????????????????????????? | | ??????????????????????????????????????????? | | ???????????????????????????????????????????""" """ | +----------------------------------------------------+ Best States ------------- Heat Dissipation 28 Energy Generation 10 Energy Capacity 250 Matter Stores 300 Matter Capacity 300 Sight Range 16 Terrain Scan Density 10 Resistance: KI 20 Resistance: TH 20 Resistance: EX 20 Resistance: EM 20 Resistance: I 20 Resistance: S 20 Resistance: P 20 Evasion (%) 55 Offensive Hacking 10 Item Schematics ----------------- None Robot Schematics ------------------ None Fabricated ------------ Nothing Alien Tech Used ----------------- None Achievements -------------- None Challenges ------------ None Game ------ Seed ProtonSurgePrototype Manual? 0 Play Time 00:04:42 Cumulative 457.2 hours Start 2024.02.05 @ 00:50:05 End 2024.02.05 @ 00:54:04 Sessions 1 Manual Loads 0 Difficulty Adventurer Special Mode None Game No. 243 Rogue 133 Adventurer 94 Explorer 16 Win Type - Total 6 Types 3/1/0/2/0/0/0/0/0 Lore% 83 Gallery% 82 Achievement% 67 Wizard Run 0 Options --------- ASCII 0 Keyboard 1 Movement Numpad Keybinds 0 Fullscreen 2 Font 20/Terminus Map View 66x50 Tactical HUD 1 Map Filters NONE Filters NONE Steam 1 RUN: b1531abc-c615-4403-a69d-e7c6c043917f